[Event "Early-Titled-Tuesday-Blitz-April-23-2024"]
[Site "Chess.com"]
[Date "2024.04.23"]
[Round "2"]
[White "Raskolnikov6"]
[Black "ChessSwole"]
[Result "0-1"]
[WhiteElo "2398"]
[BlackElo "2715"]
[TimeControl "180+1"]
[EndTime "8:19:18 PDT"]
[Termination "ChessSwole won on time"]

1. d4 d5 2. c4 e6 3. Nc3 Nf6 4. cxd5 Nxd5 5. e4 Nxc3 6. bxc3 c5 7. Nf3 cxd4 8. cxd4 Bb4+ 9. Bd2 Bxd2+ 10. Qxd2 O-O 11.
Bc4 b6 12. O-O Bb7 13. Rfe1 Nd7 14. Rad1 Rc8 15. Bb3 Re8 16. h3 Qf6 17. a4 a5 18.
Bc2 h6 19. Bd3 Bc6 20. Qa2 Qf4 21. Rb1 Nf6 22. Qd2 Qxd2 23. Nxd2 Red8 24. Nf3 Rb8 25. Ra1 b5 26. axb5 Bxb5 27. Bxb5 Rxb5 28. Ra4 Nd7 29. Rea1 Ra8 30. R4a3 Nb6 31. Kf1 a4 32. Nd2 Rb4 33.
Rd3 Rd8 34. d5 exd5 35. exd5 Rxd5 36. Rxd5 Nxd5 37. Ke2 Nf4+ 38. Kf3 g5 39. h4 Kg7 40. hxg5 hxg5 41. g3 Nd3 42. Ke3 Ne5 43. Nf1 Kg6 44.
Nd2 g4 45. Ne4 a3 46. Nc3 Rb3 47. Kd4 Nc6+ 48. Kc4 Na5+ 49. Kd4 f5 50. Kd3 Kg5 51. Kd4 Rb2 52. Rxa3 Nc6+ 53. Kc5 Ne5 54. Ra8 Nd3+ 55.
Kc4 Nxf2 56. Rg8+ Kf6 57. Nd5+ Ke5 58. Nf4 Ne4 59. Re8+ Kd6 60. Rd8+ Ke7 61. Ra8 Nxg3 62. Ra7+ Kf6 63. Nd5+ Ke5 64. Re7+ Kd6 65. Rf7 Rc2+ 66.
Kd3 Rc5 67. Ne3 Ke6 68. Ra7 Rc6 69. Ra8 Rd6+ 70. Kc3 Ne4+ 71. Kc2 Nf6 0-1

[Event "Early-Titled-Tuesday-Blitz-April-23-2024"]
[Site "Chess.com"]
[Date "2024.04.23"]
[Round "2"]
[White "biostatistician"]
[Black "Artemiki"]
[Result "1-0"]
[WhiteElo "2758"]
[BlackElo "2452"]
[TimeControl "180+1"]
[EndTime "8:19:20 PDT"]
[Termination "biostatistician won on time"]

1. d4 Nf6 2. Nf3 d5 3. c4 e6 4. Bg5 Be7 5. e3 h6 6. Bh4 O-O 7. Nc3 b6 8. Bd3 dxc4 9. Bxc4 Bb7 10. O-O Nbd7 11. Qe2 c5 12. Rad1 cxd4 13. Nxd4 Qc7 14. Bg3 Qc5 15. Nxe6 fxe6 16. Bxe6+ Kh8 17. Bxd7 Nxd7 18.
Rxd7 Qc6 19. Rd5 Bf6 20. e4 Bxc3 21. bxc3 Qxc3 22. Rd7 Qc6 23. Qg4 Rg8 24. Be5 Bc8 25. Rxg7 Bxg4 26. Rc7+ Rg7 27. Rxc6 Re8 28. Rxh6+ Kg8 29.
Bxg7 Kxg7 30. Rh4 Be6 31. a3 Rc8 32. Ra1 Rc3 33. Rf4 a5 34. Rf3 Rc2 35. Re3 b5 36. f4 b4 37. axb4 axb4 38. f5 Bc4 39. Rb1 b3 40.
Rbxb3 Bxb3 41. Rxb3 Kf6 42. Re3 Ke5 43. Kf1 Kf4 44.
Re2 Rc1+ 45. Kf2 Ke5 46. Kf3 Rf1+ 47. Kg3 Rf4 48. h4 Rf1 49. Kg4 Rh1 50. Kg5 Rh2 51. h5 Rh1 52. h6 Ra1 53. g4 Ra8 54. Kh5 Kf6 55. g5+ Kf7 56. g6+ Kg8 57. f6 Ra5+ 58. e5 Ra1 59. Kg5 Rg1+ 60. Kf5 Rf1+ 61.
Ke6 Rg1 62. Ke7 Rxg6 63. f7+ Kh7 64. Rf2 Rg5 65. e6 Re5 66. f8=Q Rxe6+ 67. Kxe6 Kg6 68.
Qf5+ 1-0

[Event "Early-Titled-Tuesday-Blitz-April-23-2024"]
[Site "Chess.com"]
[Date "2024.04.23"]
[Round "2"]
[White "yaguigor"]
[Black "alexrustemov"]
[Result "1/2-1/2"]
[WhiteElo "2609"]
[BlackElo "2861"]
[TimeControl "180+1"]
[EndTime "8:19:21 PDT"]
[Termination "Game drawn by repetition"]

1. e4 e6 2. d4 d5 3. Nc3 dxe4 4. Nxe4 Bd7 5. Nf3 Bc6 6. Bd3 Nd7 7. O-O Ngf6 8. Ng3 Be7 9. Re1 O-O 10. c4 Bb4 11.
Rf1 Be7 12. Qe2 Bxf3 13. Qxf3 c5 14. Be3 cxd4 15. Bxd4 Qc7 16. Rad1 Rfd8 17. h3 a5 18. b3 Nb8 19. Qe3 Re8 20. Bb6 Qc8 21. Ne4 Nbd7 22.
Nxf6+ Nxf6 23. Be2 Nd7 24. Bd4 Bc5 25. Bf3 Bxd4 26.
Qxd4 Nc5 27. Rfe1 Qc7 28. Qd6 Rac8 29. Qxc7 Rxc7 30. Rd6 Kf8 31. Red1 Rec8 32. Rb6 Ke7 33. g3 Ra8 34. h4 Ra7 35. Kf1 Nd7 36. Rb5 b6 37. Ke2 Rc5 38. Rxc5 bxc5 39. Bc6 Nf6 40. Ke3 Ra6 41. Bf3 Rd6 42. Rxd6 Kxd6 43. a3 e5 44. Kd3 h6 45. Bb7 g5 46. hxg5 hxg5 47. Ke3 Ng4+ 48. Ke2 f5 49. Bc8 Nh6 50. Ke3 e4 51. f3 exf3 52.
Kxf3 Ke5 53. Ke3 Nf7 54. Bb7 Nd6 55. Bd5 f4+ 56. gxf4+ gxf4+ 57. Kd3 Nf5 58. Kc3 Ne3 59. Bf3 Nf1 60. b4 a4 61. Bd1 Nh2 62. Bxa4 f3 63.
Bd1 f2 64. Be2 f1=Q 65. Bxf1 Nxf1 66. bxc5 Ne3 67. Kb4 Ke6 68. Kb5 Kd7 69. a4 Kc7 70. a5 Nf5 71. a6 Nd4+ 72. Ka5 Nc6+ 73. Kb5 Nd4+ 74. Ka5 Nc6+ 75. Kb5 Nd4+ 1/2-1/2

[Event "Early-Titled-Tuesday-Blitz-April-23-2024"]
[Site "Chess.com"]
[Date "2024.04.23"]
[Round "2"]
[White "Byniolus"]
[Black "theoneandonlydaaevik"]
[Result "1-0"]
[WhiteElo "2848"]
[BlackElo "2578"]
[TimeControl "180+1"]
[EndTime "8:19:22 PDT"]
[Termination "Byniolus won by resignation"]

1. d4 Nf6 2. Nf3 g6 3. Bf4 Bg7 4. e3 d6 5. h3 O-O 6. Be2 Nbd7 7.
O-O b6 8. c3 Bb7 9. a4 a6 10.
Bh2 Re8 11. Nbd2 e5 12. Qb3 Qe7 13. Rfd1 Rab8 14. Rac1 Ne4 15. Nxe4 Bxe4 16. Bxa6 Bxf3 17.
gxf3 Qg5+ 18. Bg3 h5 19. h4 Qf5 20. Kg2 e4 21. Be2 Nf6 22. Qb5 Qe6 23. b4 exf3+ 24. Bxf3 Ne4 25. Bxe4 Qxe4+ 26. Kg1 Bf6 27. Qd3 Qg4 28. Kf1 Bxh4 29. Bxh4 Qxh4 30. Ke2 Ra8 31. Ra1 Qg4+ 32. Kd2 Qf3 33. Qe2 Qc6 34. Qb5 Qf3 35. Qe2 Qc6 36. b5 Qd5 37. c4 Qf5 38. Ra3 Kg7 39. f4 Re4 40. Rg1 Rae8 41. Qd3 Qh3 42. Re1 Qf3 43. Re2 h4 44. Ra1 h3 45.
Rae1 Qg3 46. Rh1 f5 47. Rhe1 h2 48. Rh1 Rh8 49. Kc2 Rh3 50. Qd2 Qf3 51. Rexh2 Rxh2 52. Qxh2 Qh5 53. Qxh5 gxh5 54. Kd3 Kg6 55. Rg1+ Kh6 56.
Rg5 h4 57. Ke2 Re7 58. Kf3 Rg7 59. Rxg7 Kxg7 60. Kg2 Kg6 61. Kh3 Kh5 62. c5 dxc5 63. dxc5 bxc5 64. a5 c4 65. b6 c3 66. bxc7 c2 67.
c8=Q 1-0

[Event "Early-Titled-Tuesday-Blitz-April-23-2024"]
[Site "Chess.com"]
[Date "2024.04.23"]
[Round "2"]
[White "Attacker88"]
[Black "ellatambien"]
[Result "1-0"]
[WhiteElo "2385"]
[BlackElo "2705"]
[TimeControl "180+1"]
[EndTime "8:19:22 PDT"]
[Termination "Attacker88 won by resignation"]

1. e4 c6 2. d4 d5 3. e5 c5 4. Ne2 Nc6 5. c3 Bg4 6. Be3 e6 7. f3 Bh5 8. dxc5 Nxe5 9. Nd4 Bxc5 10. Bb5+ Kf8 11. Nxe6+ fxe6 12. Bxc5+ Kf7 13. O-O Nf6 14. Nd2 a6 15. Be2 Bg6 16. Nb3 Nc6 17. Qd2 Re8 18. Nd4 Kg8 19. Nxc6 bxc6 20. Bd3 Bxd3 21. Qxd3 e5 22.
b4 Qd7 23. a4 Rad8 24. Rae1 Qc8 25. Bb6 Rd7 26. Bc5 Kh8 27. Bf2 Rde7 28. Bc5 Re6 29. Qf5 Qd7 30. Qg5 Qf7 31. Re2 h6 32. Qh4 e4 33. f4 Qh5 34. Qe1 Qf5 35. h3 h5 36. Qh4 Kg8 37. Bd4 Kf7 38. Re3 g6 39. Rg3 Ng8 40. Rg5 Ne7 41. Rxf5+ Nxf5 42. Qg5 e3 43. g4 e2 44. gxf5 exf1=Q+ 45. Kxf1 Re1+ 46. Kg2 R8e2+ 47. Kf3 gxf5 48. Qxf5+ Ke7 49. Qh7+ Kd8 50. Bb6+ Ke8 51. Qg6+ Kd7 52. Qf7+ Re7 53. Qf5+ R1e6 54. Qxh5 Rf7 55. Qg4 Ke8 56. h4 Ref6 57. h5 Kf8 58. Bd4 Rf5 59. Qg6 Rxf4+ 60. Kg3 Rf3+ 61.
Kg2 R3f5 62. h6 Rf4 63. h7 Rh4 64. h8=Q+ Rxh8 65. Bxh8 Ke7 66. Bd4 Kf8 67. Qxf7+ Kxf7 68. Kf3 Ke6 69. Kf4 Kf7 70. Kf5 Ke7 71. Ke5 Kd7 72.
Bc5 Kc7 73. Ke6 Kb7 74. Kd6 a5 75. b5 cxb5 76. axb5 d4 77. cxd4 a4 78. Kd5 1-0

[Event "Early-Titled-Tuesday-Blitz-April-23-2024"]
[Site "Chess.com"]
[Date "2024.04.23"]
[Round "2"]
[White "jup1978"]
[Black "mary-sanna"]
[Result "1-0"]
[WhiteElo "2518"]
[BlackElo "2248"]
[TimeControl "180+1"]
[EndTime "8:19:24 PDT"]
[Termination "jup1978 won on time"]

1. d4 d5 2. Nf3 Nf6 3. g3 Nbd7 4.
Bg2 Nb6 5. O-O Bf5 6. b3 e6 7. Bb2 Be7 8. Nbd2 O-O 9. Nh4 Bg6 10. Nxg6 hxg6 11. e4 dxe4 12. Nxe4 Nxe4 13. Bxe4 Bf6 14. Bxb7 Rb8 15. Bg2 Qd6 16. c4 Nd7 17. Qd2 Rfd8 18. Rfd1 c5 19. d5 exd5 20. Bxd5 Qb6 21. Qc2 Ne5 22.
Rab1 a5 23. f4 Rxd5 24. Rxd5 Nf3+ 25. Kg2 Nd4 26. Bxd4 Bxd4 27. Re1 Qf6 28. Qe4 a4 29. bxa4 Rb2+ 30. Re2 Rb4 31. Qe8+ Kh7 32. Rd8 g5 33.
fxg5 Qxg5 34. Qh8+ Kg6 35. Rd6+ Bf6 36. Rd5 Qg4 37. Qe8 Rxc4 38. Rd3 Qf5 39. Rf3 Qd5 40. Qe3 Rc3 41. Qe4+ Qxe4 42. Rxe4 Rc2+ 43. Rf2 Rc3 44. Rg4+ Kh7 45. Re4 Ra3 46. Rc2 Bd4 47. h4 Rxa4 48. Rf4 Kg6 49. Kh3 Ra3 50. Rg4+ Kf6 51. Rf4+ Kg6 52.
Kg4 f6 53. Rf3 Ra4 54. Kh3 Ra8 55. Rb3 Re8 56. a4 Re1 57. Ra3 Rh1+ 58. Kg2 Rg1+ 59. Kh2 Rb1 60. a5 Rb7 61. a6 Ra7 62. Ra4 Kf7 63.
Rc1 Ke6 64. Rb1 Kd6 65. Rb7 c4 66. Rxa7 Bxa7 67. Rxc4 g6 68. Rb4 Kc6 69. Rb7 Bb6 70. Rg7 Bd4 71. Rxg6 1-0

[Event "Early-Titled-Tuesday-Blitz-April-23-2024"]
[Site "Chess.com"]
[Date "2024.04.23"]
[Round "2"]
[White "ShazilTheGOAT2006"]
[Black "Rodalquilar"]
[Result "0-1"]
[WhiteElo "2404"]
[BlackElo "2733"]
[TimeControl "180+1"]
[EndTime "8:19:25 PDT"]
[Termination "Rodalquilar won by resignation"]

1. e4 d5 2. exd5 Qxd5 3. Nc3 Qa5 4. d4 Nf6 5. Bc4 Bg4 6. Ne2 Nc6 7. O-O O-O-O 8. h3 Bh5 9. Be3 e5 10. d5 Nb4 11. Bd2 Qc5 12. Bb3 Nbxd5 13. Nxd5 Nxd5 14.
Qe1 Nb6 15. Ng3 Bg6 16. a4 Nc4 17. Bc3 f6 18. Qe2 Nd6 19. Rfd1 Be7 20. Bd2 Kb8 21. Be6 Qc6 22. b4 Ne4 23. Nxe4 Qxe4 24. Be3 Qxc2 25.
Rxd8+ Rxd8 26. Qb5 Bd3 27. Bxa7+ Kxa7 28. Qa5+ Kb8 29. b5 Bc5 30. Qe1 Qe2 31. Qxe2 Bxe2 32. Kh2 Bxf2 33. Ra2 Rd6 34. Bf5 Bd3 35. Bxd3 Rxd3 36.
Rxf2 Ra3 37. Rd2 Kc8 38. b6 Rxa4 39. bxc7 Kxc7 40. Rc2+ Kd7 41. Rd2+ Rd4 42. Rb2 Kc6 43. Rc2+ Kd7 44. Rb2 Kc8 45. Rc2+ Kb8 46. Rb2 h5 47.
Kg3 h4+ 48. Kf3 f5 49. Rb5 Re4 50. Rb6 Rf4+ 51. Ke3 Rc4 52. Rg6 Rc3+ 53. Kf2 Rg3 54. Re6 e4 55. Re8+ Ka7 56. Rh8 g5 57. Re8 e3+ 58.
Kf1 f4 59. Re4 b5 60. Re6 Kb7 61. Kg1 Kc7 62. Kf1 f3 63. gxf3 Rxf3+ 64. Kg2 Rg3+ 65. Kh2 Kd7 66. Re5 Kc6 67. Rf5 b4 68. Rf1 b3 69.
Re1 b2 70. Ra1 Rxh3+ 71. Kxh3 bxa1=Q 72. Kg4 Qg1+ 73. Kh3 Qf1+ 74. Kg4 Qf4+ 75. Kh5 h3 76. Kg6 h2 77. Kg7 h1=Q 78. Kg6 Qhe4+ 79. Kg7 Qee5+ 0-1

[Event "Early-Titled-Tuesday-Blitz-April-23-2024"]
[Site "Chess.com"]
[Date "2024.04.23"]
[Round "2"]
[White "LiamPutnam2008"]
[Black "SHIVACalypso"]
[Result "1-0"]
[WhiteElo "2835"]
[BlackElo "2433"]
[TimeControl "180+1"]
[EndTime "8:19:25 PDT"]
[Termination "LiamPutnam2008 won on time"]

1. e4 e6 2. d4 d5 3. Nd2 e5 4.
dxe5 dxe4 5. Nxe4 Qxd1+ 6. Kxd1 Nc6 7. Bf4 Bg4+ 8. f3 O-O-O+ 9. Kc1 Be6 10. c3 Nge7 11.
Kc2 Ng6 12. Bg3 Ngxe5 13. Ne2 Be7 14. Nf4 Bf5 15. Re1 h5 16. Nd3 Nxd3 17. Bxd3 h4 18. Nd6+ Bxd6 19. Bxf5+ Kb8 20. Bf2 g6 21. Be4 Ne5 22. Re2 f5 23. Bd5 c6 24. Bd4 Rhe8 25.
Bb3 h3 26. Bxe5 Rxe5 27. Rd2 Bc7 28. Rxd8+ Bxd8 29. gxh3 Re2+ 30. Kb1 Rf2 31. Rg1 g5 32. Bd1 Rxh2 33. Bc2 Rxh3 34. Rf1 f4 35. Bf5 Rg3 36. Bg4 Bb6 37. Kc2 Rg2+ 38. Kb3 Kc7 39. Rd1 Be3 40.
Rd7+ Kb6 41. Bf5 Bc1 42. Bc2 Rf2 43. Rd1 Be3 44. Be4 Kc7 45. Ka3 Bc5+ 46. b4 Be3 47. Kb3 Rg2 48. Bf5 Rg3 49. Bg4 Rg2 50. a4 Rf2 51.
Rd7+ Kb6 52. a5+ Ka6 53. Bf5 Rd2 54. Bd3+ b5 55. Ka3 c5 56. Rd6+ Kb7 57. Be4+ Kc7 58. Rc6+ Kd7 59. bxc5 Rg2 60. Kb3 g4 61. fxg4 Rxg4 62.
Rd6+ Ke7 63. Ra6 Bxc5 64. Rc6 Be3 65. Rc7+ Kd6 66. Rc8 Rg1 67. Rd8+ Ke5 68. Bf3 Rf1 69. Rd5+ Ke6 70. Be4 f3 71. Rd3 f2 72. Rxe3 Rb1+ 73. Bxb1+ 1-0

[Event "Early-Titled-Tuesday-Blitz-April-23-2024"]
[Site "Chess.com"]
[Date "2024.04.23"]
[Round "2"]
[White "Payyappat"]
[Black "kiwibobo"]
[Result "0-1"]
[WhiteElo "2522"]
[BlackElo "2313"]
[TimeControl "180+1"]
[EndTime "8:19:30 PDT"]
[Termination "kiwibobo won by resignation"]

1. e4 e5 2. Nf3 Nc6 3. Bc4 Nf6 4. d4 exd4 5. e5 d5 6. Bb5 Ne4 7. Nxd4 Bd7 8. Bxc6 bxc6 9. O-O Be7 10. c3 O-O 11. f3 Nc5 12. Be3 f6 13. exf6 Rxf6 14. Na3 Ne6 15. Nac2 c5 16. Nxe6 Bxe6 17. Re1 Rb8 18.
b3 Rg6 19. Bf4 h6 20. Qd3 Rf6 21. Be5 Rf7 22. Ne3 Bf6 23. Bxf6 Rxf6 24. Rad1 c6 25. Qa6 Qb6 26. Qa4 Rd8 27. Kh1 d4 28. Nc4 Bxc4 29.
Qxc4+ Kh8 30. cxd4 cxd4 31. Re4 c5 32. Re5 Rc6 33.
Qd3 Qa6 34. Qe4 Rcd6 35. h4 Qxa2 36. Re1 Qxb3 37. Re8+ Rxe8 38. Qxe8+ Qg8 39. Qh5 Rd8 40. Qxc5 d3 41. Rd1 d2 42. Qxa7 Qc4 43. Qf2 Qd3 44. g3 Qc2 45. Qe2 Qc1 46. Kg2 Qc3 47. Kf2 Qd4+ 48.
Kg2 Qc3 49. Kf2 Qc5+ 50. Qe3 Qc2 51. Ke2 Qc6 52. Kf2 Qd6 53. Ke2 Qc6 54. Kf2 Qd6 55. Kf1 Rd7 56. Kg2 Qd4 57. Qe8+ Kh7 58. Qe4+ Qxe4 59.
fxe4 Kg6 60. Kf3 Kf6 61. Ke3 Ke5 62. g4 Rd4 63. Kf3 Rd3+ 64. Ke2 Kxe4 65. Rxd2 Rxd2+ 66.
Kxd2 Kf4 67. g5 hxg5 68. hxg5 Kxg5 69. Ke2 Kf4 70. Kf2 g5 71. Kg2 Kg4 72. Kf2 Kh3 73.
Kg1 Kg3 74. Kh1 g4 75. Kg1 Kf3 76. Kh2 Kf2 77. Kh1 Kg3 78. Kg1 Kh3 79. Kh1 g3 80. Kg1 g2 81. Kf2 Kh2 0-1

[Event "Early-Titled-Tuesday-Blitz-April-23-2024"]
[Site "Chess.com"]
[Date "2024.04.23"]
[Round "2"]
[White "tusplingher"]
[Black "frederiksvane"]
[Result "0-1"]
[WhiteElo "2647"]
[BlackElo "3036"]
[TimeControl "180+1"]
[EndTime "8:19:31 PDT"]
[Termination "frederiksvane won by checkmate"]

1. e4 c6 2. Nf3 d5 3. exd5 cxd5 4.
Ne5 Nf6 5. d4 Nc6 6. Bb5 Bd7 7.
Nxd7 Qxd7 8. c3 e6 9. O-O Bd6 10. Nd2 O-O 11. Re1 Qc7 12. h3 Rab8 13. Bd3 b5 14. Nf3 h6 15. a3 a5 16. Be3 Rfc8 17.
Qd2 Ne4 18. Qe2 Qb7 19. Nd2 f5 20. f3 Ng3 21. Qd1 Qc7 22. Bf2 Re8 23. Nf1 Nxf1 24.
Bxf1 b4 25. axb4 axb4 26. c4 Bg3 27. cxd5 Bxf2+ 28. Kxf2 exd5 29. Qd2 Qb6 30. Red1 Ra8 31. Rxa8 Rxa8 32. Qf4 Kh8 33. Kg1 Rf8 34. Kh1 Qd8 35. Bb5 Ne7 36. Rc1 Ng6 37. Qc7 Qg5 38. Rg1 Kh7 39.
Qc1 Nf4 40. Kh2 Rf6 41. g3 Ne6 42. Qxg5 hxg5 43. Bc6 Nxd4 44. Bxd5 Rd6 45. Bb7 Re6 46. Rd1 Re2+ 47. Kh1 Ne6 48. b3 f4 49. Be4+ Kg8 50. g4 Kf7 51. Rd7+ Kf6 52. Rd6 Ke5 53. Rd5+ Kf6 54. Rd6 Ke7 55. Rb6 Nd4 56. Rxb4 Ne6 57.
Rb7+ Kd6 58. Rb6+ Ke5 59. Rb5+ Kd4 60. Rd5+ Ke3 61. Rd1 Nd4 62. Rg1 Nxf3 63. Bxf3 Kxf3 64. b4 Rb2 65. Rc1 Kg3 66. Rg1+ Kxh3 67. Rc1 Kg3 68. Kg1 f3 69. b5 Rxb5 70. Kh1 Rb2 71. Rg1+ Kh3 72. Rf1 Rh2+ 73. Kg1 Kg3 74. Rxf3+ Kxf3 75.
Kxh2 Kxg4 76. Kg2 Kf4 77. Kf2 g4 78. Kg2 g3 79. Kg1 Kf3 80. Kf1 g6 81. Kg1 g2 82.
Kh2 Kf2 83. Kh3 g1=Q 84. Kh4 Qg3# 0-1

[Event "Early-Titled-Tuesday-Blitz-April-23-2024"]
[Site "Chess.com"]
[Date "2024.04.23"]
[Round "2"]
[White "SpongeBob_03"]
[Black "WindWhistler11"]
[Result "1/2-1/2"]
[WhiteElo "2271"]
[BlackElo "2515"]
[TimeControl "180+1"]
[EndTime "8:19:34 PDT"]
[Termination "Game drawn by repetition"]

1. Nf3 Nf6 2. c4 d6 3. Nc3 c6 4. b3 Bg4 5. Bb2 e6 6. h3 Bh5 7. g4 Bg6 8. Bg2 Nbd7 9. Nh4 Be7 10. Nxg6 hxg6 11. Ne4 e5 12. d4 Qc7 13. Ng3 a5 14. Qc2 a4 15. b4 a3 16. Bc3 exd4 17. Bxd4 c5 18. bxc5 dxc5 19. Bc3 O-O 20. O-O Ne5 21. f4 Nc6 22. g5 Nd7 23. Bxc6 bxc6 24. Rad1 Nb6 25.
Ba1 Ra4 26. Qc3 f6 27. Qc2 f5 28. Qc3 Rf7 29. Qb3 Rxc4 30. Rb1 Rb4 31. Qxa3 Nc4 32.
Qc3 Rxb1 33. Rxb1 Qxf4 34. Rf1 Qe3+ 35. Qxe3 Nxe3 36. Rf3 Nd5 37. e4 fxe4 38. Rxf7 Kxf7 39. Nxe4 Nf4 40. Kh2 Ne6 41. h4 c4 42. Kg3 Bd8 43. Kf3 Bc7 44. Ke3 Ba5 45. Nd6+ Kf8 46. Nxc4 Be1 47. Ne5 Ke7 48. Nxg6+ Kd6 49. Ke4 c5 50.
Kf5 c4 51. h5 Bd2 52. h6 gxh6 53.
gxh6 Bxh6 54. Ke4 Kc5 55. Ne5 Bg7 56. Nxc4 Bxa1 57. Nd2 Bc3 58. Nb3+ Kb4 59. Nc1 Nc7 60. Nd3+ Ka3 61. Nc1 Ba5 62. Nd3 Kxa2 63. Ne5 Kb3 64. Kf5 Nd5 65. Nc6 Bc3 66. Nd8 Ne3+ 67. Ke6 Kc4 68. Nc6 Kc5 69. Ne5 Nd5 70. Nd3+ Kd4 71. Nf2 Nf4+ 72. Kf5 Ke3 73. Ng4+ Kf3 74. Nh2+ Kg3 75.
Nf1+ Kf3 76. Nh2+ Ke3 77. Nf1+ Kf3 78. Nh2+ 1/2-1/2

[Event "Early-Titled-Tuesday-Blitz-April-23-2024"]
[Site "Chess.com"]
[Date "2024.04.23"]
[Round "2"]
[White "ChainedDowntohell"]
[Black "MIss_MIaMI"]
[Result "1-0"]
[WhiteElo "2576"]
[BlackElo "2353"]
[TimeControl "180+1"]
[EndTime "8:19:42 PDT"]
[Termination "ChainedDowntohell won by checkmate"]

1. d4 c5 2. d5 g6 3. h4 Nf6 4. Nc3 a6 5. e4 d6 6. h5 gxh5 7.
Be2 Rg8 8. Kf1 b5 9. Bg5 Rxg5 10. Qd2 Bh6 11. f4 Rg8 12. Bf3 b4 13. Nce2 Bg4 14. Re1 Bxf3 15. gxf3 Nbd7 16. Nh3 Ne5 17. Neg1 Nc4 18.
Qd3 Nb6 19. Rd1 Nbd7 20. Ne2 Qb6 21. Nf2 Qb5 22. Qd2 Rg3 23. Qe3 Ne5 24. Rh3 Nc4 25. Qc1 Rxh3 26. Nxh3 a5 27. Kg2 O-O-O 28. Kh2 Rg8 29.
Rf1 a4 30. Rf2 h4 31. b3 axb3 32. cxb3 Na3 33. Qd2 Nh5 34. Nc1 Ng3 35. Nd3 Qa5 36.
e5 Kc7 37. Qe3 Qb6 38. Nb2 Nb5 39. Nc4 Qb8 40. exd6+ exd6 41. Qe7+ Kc8 42. Qxf7 Rf8 43. Qxh7 Bxf4 44. Nxf4 Rxf4 45. Qh6 Rf7 46. f4 Nf5 47. Qe6+ Rd7 48. Qxf5 Kc7 49. Rg2 Qe8 50. Qe6 Qxe6 51. dxe6 Re7 52. f5 d5 53. Ne5 Nd6 54. Rf2 Ne4 55.
Rf4 Kd6 56. Ng6 Nf6 57. Nxe7 Kxe7 58. Rxh4 d4 59. Kg3 Kd6 60. Kf4 Nd5+ 61. Kf3 Nf6 62. Rh8 Ke5 63. Rf8 Nd5 64. Ke2 Nf4+ 65. Kd2 Nd5 66. Rf7 Nf6 67. e7 Ne8 68. Rf8 Nd6 69. e8=Q+ Nxe8 70. Rxe8+ Kxf5 71. Kd3 Kf6 72. Kc4 Kf7 73.
Kd3 Kf6 74. Kc4 Kf7 75. Re1 Kf6 76. Kxc5 Kf5 77. Rd1 Kf4 78. Rxd4+ Ke3 79. Rxb4 Kd3 80. a4 Kc3 81. a5 Kb2 82. a6 Kb1 83. a7 Kb2 84.
a8=Q Kb1 85. Qa3 Kc2 86. Qa2+ Kd3 87. Rd4+ Ke3 88. Qd2+ Kf3 89. Rf4+ Kg3 90. Qf2+ Kh3 91. Rh4# 1-0

[Event "Early-Titled-Tuesday-Blitz-April-23-2024"]
[Site "Chess.com"]
[Date "2024.04.23"]
[Round "2"]
[White "amylazy"]
[Black "Fantastic_Power"]
[Result "1/2-1/2"]
[WhiteElo "2446"]
[BlackElo "2731"]
[TimeControl "180+1"]
[EndTime "8:19:44 PDT"]
[Termination "Game drawn - insufficient material"]

1. d4 Nf6 2. Nf3 e6 3. e3 c5 4.
Bd3 Nc6 5. O-O Qc7 6. c4 Bd6 7.
Nc3 a6 8. h3 Rg8 9. d5 Ne7 10.
e4 Ng6 11. Re1 Ne5 12. Nxe5 Bxe5 13. Ne2 g5 14. Bd2 h5 15. Bc3 g4 16. h4 Bxc3 17.
Nxc3 e5 18. Ne2 d6 19. Ng3 Rh8 20. Qd2 Qe7 21. b4 Qc7 22. bxc5 Qxc5 23. Qg5 Ke7 24. Rab1 b6 25. Kh2 Bd7 26. Rf1 Rhg8 27. Qd2 Rg6 28.
Qb2 Rb8 29. Rbe1 Bc8 30. Nf5+ Bxf5 31. exf5 Rgg8 32. g3 Kd7 33. Qd2 Qd4 34. Qh6 Ke7 35. Re3 Rh8 36. Qg5 Rbg8 37. Qf4 Qxf4 38. gxf4 Nd7 39. fxe5 Nxe5 40. Be2 Kf6 41. Kg3 Rc8 42. Rc1 Rc5 43. Rb3 Rb8 44. Rcb1 Nxc4 45. Bxc4 Rxc4 46.
Rxb6 Rxb6 47. Rxb6 Ke5 48. Rxa6 Rc3+ 49. Kg2 Kxd5 50. Ra7 f6 51. Rh7 Ke4 52. Rxh5 d5 53. Rh8 d4 54. Re8+ Kxf5 55. Rd8 Rd3 56. h5 Kg5 57.
Rd5+ Kh6 58. a4 Rd2 59. a5 d3 60. Kg3 Ra2 61. Kxg4 Rxf2 62. Rxd3 f5+ 63. Kg3 Ra2 64.
Rd5 Kg5 65. h6 Kxh6 66. Rxf5 Kg6 67. Rb5 Kf6 68. Kf4 Ke6 69. Rb6+ Kd7 70. a6 Kc7 71. Rh6 Ra4+ 72. Ke5 Kb8 73. Kd5 Ra1 74. Kc5 Ka7 75.
Kb5 Rb1+ 76. Kc4 Ra1 77. Rg6 Rxa6 78. Rxa6+ Kxa6 1/2-1/2

[Event "Early-Titled-Tuesday-Blitz-April-23-2024"]
[Site "Chess.com"]
[Date "2024.04.23"]
[Round "2"]
[White "bintang_top"]
[Black "MFatigue"]
[Result "0-1"]
[WhiteElo "2326"]
[BlackElo "2557"]
[TimeControl "180+1"]
[EndTime "8:19:44 PDT"]
[Termination "MFatigue won by resignation"]

1. d4 d5 2. Nf3 Nf6 3. g3 c5 4. Bg2 cxd4 5. O-O h6 6. Nxd4 e5 7. Nb3 Nc6 8. c4 d4 9. e3 dxe3 10. Qxd8+ Nxd8 11. Bxe3 Be6 12. Na5 e4 13. Nc3 Bb4 14. Nb3 Bxc3 15. bxc3 Bxc4 16. Rfe1 Ne6 17. Nd2 Bd3 18. f3 b6 19. fxe4 Rd8 20. e5 Ng4 21.
Nb3 Nxe3 22. Rxe3 Ke7 23. Ree1 a5 24. Nd2 Nc5 25. Nf3 Ne6 26. Bh3 Rc8 27. Bxe6 fxe6 28.
Rac1 Rc5 29. Re3 Bc4 30. a3 g5 31. Nd4 Rd8 32. Rb1 b5 33. a4 bxa4 34. Ra1 Bb3 35. Ra3 Rb8 36. Kf2 Rbc8 37. Nxb3 axb3 38. Rxb3 R8c7 39.
Ra3 Rd7 40. Ke2 Rdd5 41. Ra4 Rxe5 42. Kd3 Rxe3+ 43. Kxe3 Rxc3+ 44. Kd4 Rc2 45. h4 Rg2 46. hxg5 hxg5 47. Rxa5 Rxg3 48. Ke5 Re3+ 49. Kd4 Rg3 50. Ke5 Re3+ 51. Kd4 Re1 52. Rxg5 Kf6 53. Rg8 Rd1+ 54.
Ke3 Ke5 55. Rg5+ Kd6 56. Ra5 Rb1 57. Kd4 Rb4+ 58. Kc3 Rh4 59. Kd3 Ke7 60. Ke3 Kf6 61.
Kf3 Rb4 62. Ke3 e5 63. Kf3 Kf5 64. Ke3 Rb3+ 65. Ke2 Kf4 66. Ra4+ e4 67. Ra8 Rb2+ 68. Ke1 Kf3 69. Kd1 Rh2 70. Ke1 Rh1+ 71. Kd2 e3+ 72. Kd3 Rd1+ 73. Kc2 e2 74. Rf8+ Kg4 75. Rg8+ Kf5 76.
Rf8+ Kg6 0-1

[Event "Early-Titled-Tuesday-Blitz-April-23-2024"]
[Site "Chess.com"]
[Date "2024.04.23"]
[Round "2"]
[White "Igor_Janik"]
[Black "karinachess1"]
[Result "1-0"]
[WhiteElo "2884"]
[BlackElo "2606"]
[TimeControl "180+1"]
[EndTime "8:19:49 PDT"]
[Termination "Igor_Janik won by resignation"]

1. Nf3 Nf6 2. b3 g6 3. Bb2 Bg7 4. g3 O-O 5. Bg2 d6 6. d4 c5 7. dxc5 dxc5 8. O-O Nc6 9. Qxd8 Rxd8 10. Ne5 Nb4 11. Na3 Ng4 12. Nec4 Bxb2 13. Nxb2 Bf5 14.
Nd3 Bxd3 15. cxd3 Rab8 16. Rfc1 b6 17. Nc2 Nxc2 18. Rxc2 Nf6 19. a3 a5 20. Kf1 Kg7 21. Rb1 Nd5 22. e3 Nc7 23. Ke2 Nb5 24. Ra1 e5 25. Bc6 Na7 26. Bf3 Nb5 27. h4 h5 28.
a4 Nd6 29. Rg1 Nf5 30. Be4 Ne7 31. Rc4 Rd6 32. Rd1 Rbd8 33. Bg2 Nd5 34. Bxd5 Rxd5 35. e4 R5d6 36. f4 f6 37. Ke3 R6d7 38. Rc2 Rd4 39. Rc3 R4d6 40. Rf1 Rd4 41. Rf3 R4d6 42. Ke2 Rd4 43.
Rc1 Rb4 44. Rb1 Rd7 45. Re3 Rd8 46. Kd2 Rd7 47. Kc3 Rbd4 48. Rf3 R4d6 49. Rbf1 Rd4 50.
Re1 R4d6 51. Re2 Rd4 52. Ree3 R4d6 53. Kc4 Rd4+ 54. Kc3 R4d6 55. Re2 Rd4 56. Rg2 R4d6 57. g4 hxg4 58. Rxg4 exf4 59. Rgxf4 Rd8 60. Rg4 Kh7 61. Kc4 Rd4+ 62. Kc3 R4d6 63. Rg1 R8d7 64. Rgf1 Kg7 65. Rg3 Kh7 66. Rh1 Rd8 67. Rh2 R8d7 68. Rhh3 Rd8 69. Kc4 Rd4+ 70. Kb5 Rb4+ 71. Kc6 Rxb3 72.
Rf3 Rf8 73. e5 f5 74. e6 Kg7 75. h5 gxh5 76. Kd7 Rb4 77. e7 Rd4+ 78. Ke6 Re8 79. Rxh5 c4 80. Rg5+ Kh6 81. Rgxf5 Rxd3 82. Rxd3 cxd3 83.
Rf8 d2 84. Rxe8 d1=Q 85. Rh8+ Kg7 86. e8=Q Qe2+ 87. Kd7 Qd3+ 88. Kc8 Qa6+ 89. Kb8 b5 90. Qf8+ Kg6 91. Rh6+ Kg5 92. Rxa6 1-0

[Event "Early-Titled-Tuesday-Blitz-April-23-2024"]
[Site "Chess.com"]
[Date "2024.04.23"]
[Round "2"]
[White "Zurability"]
[Black "TheoSlade"]
[Result "1-0"]
[WhiteElo "2730"]
[BlackElo "2406"]
[TimeControl "180+1"]
[EndTime "8:19:52 PDT"]
[Termination "Zurability won by resignation"]

1. d4 d5 2. c4 e6 3. Nc3 a6 4.
Nf3 dxc4 5. g3 b5 6. Bg2 Bb7 7. O-O Nf6 8. a4 c6 9. Ne5 Nd5 10. e4 Nxc3 11. bxc3 Nd7 12. f4 Be7 13. Qg4 O-O 14.
f5 exf5 15. Qxf5 Nxe5 16. Qxe5 Bf6 17. Qc5 Qe7 18. Ba3 Qxc5 19. Bxc5 Rfe8 20. e5 Be7 21. Bxe7 Rxe7 22. Rfd1 Rd8 23. axb5 axb5 24. Rdb1 Kf8 25. Ra7 Ra8 26. Rba1 Rxa7 27. Rxa7 Ke8 28. Kf2 Kd8 29. g4 Kc7 30. Kg3 Kb6 31. Ra1 c5 32. Bxb7 Rxb7 33.
d5 b4 34. Kf4 Kb5 35. d6 b3 36. Ke4 b2 37. Rb1 Ka4 38. Kd5 Kb3 39. Kc6 Ra7 40.
d7 Ra8 41. Kb7 Rf8 42. Kc7 Kc2 43. Rg1 b1=Q 44. Rxb1 Kxb1 45. d8=Q Rxd8 46. Kxd8 Kc2 47. Ke7 Kxc3 48. Kxf7 Kd4 49. e6 c3 50. e7 c2 51. e8=Q c1=Q 52. Qd7+ Kc4 53. Kxg7 Qb2+ 54. Kxh7 Qxh2+ 55. Kg6 Qc2+ 56. Kg7 Qc3+ 57. Kh6 Qh3+ 58. Kg6 Kb4 59. Qb7+ Kc3 60. g5 Qd3+ 61. Kg7 Qd4+ 62. Kh7 Qh4+ 63. Kg6 c4 64. Qf3+ Kb2 65. Qe2+ Kb3 66. Qe6 Kb4 67. Qb6+ Ka3 68. Qa5+ Kb3 69. Qb5+ Ka3 70. Qc5+ Kb3 71. Kf7 Qf4+ 72. Kg8 Qe4 73. Qb5+ Ka3 74. Qa6+ Kb3 75. g6 Qe8+ 76. Kh7 Qe4 77.
Qb5+ Ka3 78. Qc5+ Kb3 79. Qb6+ Ka3 80. Kh8 Qh4+ 81. Kg8 c3 82. g7 c2 83. Qc5+ Kb3 84.
Kf7 Qf4+ 85. Ke7 c1=Q 86. g8=Q+ Qcc4 87. Qb5+ Kc3 88. Qa5+ Kb3 89. Qb5+ Kc3 90. Qg7+ Qfd4 91. Qa5+ Qb4+ 92. Qxb4+ Kxb4 93. Qxd4+ Kb5 94. Qd6 1-0